Map: Sentinel LE

Players

xSweeperx

  • Race: Terran Terran
  • Spawn Location: 9:00

Christoh

  • Race: Zerg Zerg
  • Spawn Location: 9:00

Weasly

  • Race: Protoss Protoss
  • League: Gold
  • Spawn Location: 12:00

sexyAPM - Winner!

  • Race: Zerg Zerg
  • Spawn Location: 5:00

Massa - Winner!

  • Race: Terran Terran
  • League: Gold
  • Spawn Location: 6:00

qqq - Winner!

  • Race: Zerg Zerg
  • League: Platinum
  • Spawn Location: 5:00

VOD

Have the link to the VOD?

Description

Time

  • Played on: April 26, 2020, 3:57 p.m.
  • Length: 5:01
Show
View Real Time Build Order
Export as new Build Order

xSweeperx Terran 

Build Orders: Command Center First (CC) 

Get SALT Encoding   

  12  0:03  SCV  
  13  0:16  SCV  
  14  0:28  SCV  
  15  0:48  Command Center  
  15  1:05  Supply Depot  
  15  1:27  SCV, Barracks  
  16  1:36  Refinery  
  16  1:37  Refinery  
  16  1:39  SCV  
  17  1:51  SCV  
  18  2:00  SCV  
  19  2:03  SCV  
  20  2:13  SCV  
  20  2:15  SCV  
  22  2:16  Supply Depot  
  22  2:25  SCV  
  22  2:28  SCV  
  24  2:37  SCV  
  24  2:40  SCV  
  26  2:45  Barracks Tech Lab  
  26  2:48  Supply Depot  
  26  2:49  SCV  
  27  2:52  SCV  
  27  2:55  Factory  
  28  3:05  SCV x2  
  29  3:11  Supply Depot  
  30  3:17  SCV  
  30  3:18  SCV  
  32  3:26  Refinery  
  32  3:28  Refinery  
  32  3:29  SCV  
  32  3:30  SCV  
  34  3:39  Factory Tech Lab  
  34  3:41  SCV  
  35  3:42  SCV, Factory  
  35  3:47  Armory  
  36  3:54  Marine  
  37  4:04  Siege Tank  
  40  4:12  Marine  
  41  4:30  Marine  
  44  4:54  Factory Tech Lab  
Show
View Real Time Build Order
Export as new Build Order

Christoh Zerg 

Build Orders: Pool First 

Get SALT Encoding   

  12  0:03  Drone  
  13  0:08  Drone  
  14  0:18  Overlord  
  14  0:36  Spawning Pool  
  14  0:37  Drone  
  14  0:42  Drone  
  15  0:46  Drone  
  16  0:54  Extractor  
  15  0:57  Drone  
  16  1:24  Hatchery  
  15  1:27  Queen  
  15  1:32  Drone  
  18  1:35  Drone  
  18  1:39  Drone  
  20  1:59  Drone x2, Roach Warren  
  21  2:06  Overlord  
  21  2:21  Extractor, Drone  
  21  2:36  Queen  
  23  2:38  Drone  
  24  2:44  Drone x2  
  24  2:47  Drone  
  24  2:48  Drone x2  
  24  2:50  Drone  
  30  3:03  Drone  
  30  3:05  Extractor  
  30  3:08  Roach x2  
  34  3:18  Roach  
  36  3:24  Lair  
  36  3:29  Overlord  
  36  3:30  Overlord  
  36  3:53  Roach x2  
  36  3:54  Roach x2  
  44  4:02  Overlord  
  44  4:03  Overlord x2  
  44  4:12  Overlord x2  
Show
View Real Time Build Order
Export as new Build Order

Weasly Protoss 

Build Orders:  

Get SALT Encoding   

  12  0:02  Probe  
  13  0:14  Probe  
  14  0:25  Pylon  
  14  0:27  Probe  
  15  0:43  Probe (Chrono Boost)  
  15  0:48  Gateway  
  16  0:55  Probe (Chrono Boost)  
  17  0:59  Assimilator  
  17  1:02  Probe (Chrono Boost)  
  18  1:06  Gateway  
  18  1:12  Forge  
  18  1:17  Probe  
  19  1:28  Pylon  
  19  1:29  Probe  
  20  1:38  Cybernetics Core  
  20  1:51  Photon Cannon  
  20  2:00  Gateway  
  20  2:05  Assimilator  
  20  2:16  Warp Gate  
  20  2:22  Pylon  
  20  2:36  Probe (Chrono Boost)  
  21  2:46  Probe (Chrono Boost)  
  21  2:50  Nexus  
  21  2:51  Probe (Chrono Boost)  
  23  2:59  Photon Cannon  
  23  3:11  Stargate  
  23  3:20  Probe  
  24  3:32  Probe  
  25  3:35  Photon Cannon  
  25  3:44  Probe  
  26  3:57  Stargate  
  26  4:03  Probe (Chrono Boost)  
  27  4:13  Probe (Chrono Boost), Phoenix (Chrono Boost)  
  30  4:18  Probe (Chrono Boost)  
  31  4:29  Probe  
  32  4:35  Phoenix (Chrono Boost)  
  34  4:41  Probe  
Show
View Real Time Build Order
Export as new Build Order

sexyAPM Zerg - Winner!

Build Orders: Pool First 

Get SALT Encoding   

  12  0:02  Drone  
  13  0:08  Drone  
  14  0:22  Extractor  
  13  0:30  Spawning Pool  
  13  0:32  Drone  
  13  0:36  Drone  
  14  0:50  Overlord  
  14  1:19  Hatchery  
  13  1:28  Metabolic Boost  
  13  1:41  Zergling x6  
  16  1:53  Queen  
  18  1:59  Zergling x2  
  19  2:04  Zergling x2  
  20  2:14  Zergling x2  
  21  2:25  Overlord  
  21  2:31  Queen  
  23  2:37  Zergling x2  
  23  2:42  Zergling x2  
  23  2:43  Zergling x2  
  26  2:50  Zergling x2  
  27  2:55  Zergling x2  
  28  3:00  Zergling x2  
  29  3:14  Zergling x8  
  33  3:24  Zergling x4  
  35  3:35  Overlord  
  35  4:02  Drone  
  36  4:03  Overlord x2  
Show
View Real Time Build Order
Export as new Build Order

Massa Terran - Winner!

Build Orders:  

Get SALT Encoding   

  12  0:14  Supply Depot  
  12  0:17  SCV  
  13  0:29  SCV  
  14  0:39  Barracks  
  14  0:42  SCV  
  15  0:54  SCV  
  16  1:02  Supply Depot  
  16  1:06  SCV  
  17  1:19  SCV  
  18  1:27  Supply Depot  
  18  1:28  Barracks  
  18  1:31  SCV  
  19  1:35  Barracks  
  19  1:43  SCV  
  20  1:49  Refinery  
  20  1:51  Marine  
  21  2:04  Orbital Command  
  21  2:09  Marine  
  22  2:16  Marine  
  22  2:17  Barracks  
  22  2:22  Marine  
  24  2:27  Marine  
  25  2:42  Marine x2  
  27  2:44  Marine  
  28  3:00  Marine x2, Command Center  
  28  3:04  Marine  
  31  3:06  Marine  
  32  3:18  Marine x2  
  34  3:44  Marine x4  
  38  4:02  Marine  
  39  4:09  Supply Depot  
  39  4:12  Marine x3  
  42  4:20  Marine  
  43  4:29  Marine x3  
  45  4:33  Supply Depot  
  40  4:55  Supply Depot  
Show
View Real Time Build Order
Export as new Build Order

qqq Zerg - Winner!

Build Orders: 3 Hatch before Pool 

Get SALT Encoding   

  12  0:03  Drone  
  13  0:16  Drone  
  14  0:37  Hatchery  
  13  0:47  Drone  
  14  1:03  Hatchery  
  13  1:19  Spawning Pool  
  13  1:23  Extractor  
  13  1:25  Drone  
  12  1:34  Overlord  
  12  1:39  Drone  
  13  1:43  Drone  
  14  1:50  Drone  
  14  1:53  Drone  
  16  2:04  Overlord  
  16  2:09  Drone  
  16  2:13  Extractor  
  16  2:15  Drone  
  17  2:19  Drone  
  18  2:23  Drone  
  18  2:27  Drone  
  20  2:31  Drone  
  20  2:35  Drone  
  22  2:46  Lair  
  22  2:50  Drone  
  23  2:55  Drone  
  23  2:57  Drone  
  25  3:00  Drone  
  25  3:04  Drone  
  27  3:08  Drone  
  27  3:09  Drone  
  27  3:12  Drone  
  30  3:15  Drone  
  30  3:18  Drone  
  32  3:21  Drone  
  32  3:23  Drone  
  34  3:42  Overlord  
  34  3:44  Spire  
  34  3:45  Drone x4  
  34  3:46  Drone  
  34  3:48  Drone  
  39  3:50  Drone  
  39  3:53  Drone  
  41  3:57  Drone  
  41  3:58  Overlord  
  42  4:06  Drone  
  42  4:08  Drone x2  
  45  4:11  Queen  
  45  4:12  Overlord  
  47  4:19  Extractor  
  47  4:21  Extractor, Drone x2  
  47  4:22  Overlord  
  47  4:41  Drone x3  
  47  4:42  Drone  
  47  4:43  Overlord x2  
  51  4:51  Hatchery  
Tags
 
Add a new tag
Caveats
  • Supply blocks, unpowered buildings, or Contaminate may cause inaccurate times.
  • Supply counts are checked every 10 seconds.